Map: Orbital Shipyard

Players

LilDicky

  • Race: Terran Terran
  • League: Platinum

Krah - Winner!

  • Race: Terran Terran
  • League: Platinum

VOD

http://www.twitch.tv/tumescentpie

Description

Time

  • Played on: Nov. 20, 2015, 11:37 p.m.
  • Length: 7:58
Show
View Real Time Build Order
Export as new Build Order

LilDicky Terran 

Build Orders: Command Center First (CC), MMM Bio 

Get SALT Encoding   

  12  0:02  SCV  
  14  0:14  SCV  
  14  0:19  Supply Depot  
  14  0:26  SCV  
  15  0:40  SCV  
  16  0:52  SCV  
  17  1:00  Command Center  
  17  1:07  SCV  
  18  1:15  Barracks  
  18  1:19  SCV  
  19  1:31  SCV  
  20  1:40  Supply Depot  
  20  1:47  Refinery  
  20  1:49  Refinery  
  20  2:04  Marine  
  21  2:12  Orbital Command x2  
  21  2:27  Barracks  
  21  2:28  Barracks, Marine  
  22  2:39  SCV  
  22  2:41  SCV  
  24  2:46  Marine  
  25  2:55  SCV x2  
  26  3:07  SCV x2  
  28  3:14  Supply Depot  
  28  3:15  Barracks Reactor, Barracks Tech Lab  
  28  3:16  Factory  
  28  3:17  Barracks Tech Lab  
  28  3:22  SCV x2  
  28  3:26  Supply Depot  
  30  3:34  SCV, Stimpack  
  30  3:35  Combat Shields  
  30  3:38  Marine  
  30  3:40  Marine  
  33  3:46  SCV  
  34  3:54  Marine x2  
  36  3:56  Marauder  
  36  3:58  Marauder  
  36  3:59  SCV  
  36  4:01  SCV  
  42  4:06  Starport  
  42  4:10  Factory Reactor  
  42  4:14  Marine x2  
  42  4:16  SCV x2  
  46  4:17  Marine  
  47  4:25  Supply Depot  
  47  4:26  Marine  
  47  4:28  SCV x2  
  50  4:32  Marine  
  51  4:40  Marine x2  
  51  4:45  Marauder  
  55  4:50  Supply Depot, Marine  
  56  4:58  Medivac x2, Marine  
  61  5:00  Command Center  
  61  5:01  SCV  
  62  5:17  Factory Tech Lab  
  62  5:18  SCV  
  62  5:19  SCV, Marine  
  62  5:20  Marine  
  62  5:21  Marauder, Marine  
  69  5:28  Barracks  
  69  5:30  SCV  
  69  5:31  SCV  
  69  5:34  Supply Depot  
  69  5:35  Barracks  
  68  5:45  Marine  
  68  5:46  Marine x3  
  68  5:49  Engineering Bay  
  68  5:52  SCV  
  67  6:00  SCV  
  67  6:03  Marine x2  
  67  6:04  Marine  
  69  6:13  Marine  
  66  6:21  Marine  
  64  6:47  Marine x2  
  64  6:49  Marauder x2  
  64  6:51  SCV  
  71  6:58  SCV x2, Missile Turret  
  71  6:59  Missile Turret  
  73  7:05  Marine x2  
  75  7:09  Marine  
  75  7:10  Marine  
  75  7:11  Marine  
  51  7:23  Marine x2  
  51  7:27  Marine  
  51  7:28  Marauder  
  48  7:31  Orbital Command  
  48  7:33  SCV  
  49  7:44  SCV  
  49  7:45  SCV  
  49  7:46  Barracks Reactor  
  57  7:53  Barracks Reactor  
  57  7:56  Engineering Bay  
Show
View Real Time Build Order
Export as new Build Order

Krah Terran - Winner!

Build Orders: Banshee Rush 

Get SALT Encoding   

  12  0:00  SCV  
  13  0:14  SCV  
  14  0:23  Supply Depot  
  14  0:27  SCV  
  15  0:45  SCV  
  15  0:47  Barracks  
  17  0:57  SCV  
  17  1:15  Command Center  
  17  1:19  Refinery  
  17  1:26  SCV, Refinery  
  18  1:38  Marine  
  19  1:45  Orbital Command  
  19  1:56  Marine  
  20  2:11  Factory  
  20  2:12  SCV  
  20  2:14  Marine  
  22  2:20  Supply Depot  
  22  2:25  SCV  
  23  2:32  Marine  
  25  2:38  Orbital Command  
  25  2:42  SCV  
  25  2:49  Supply Depot  
  25  3:01  Factory Tech Lab  
  25  3:03  Starport  
  25  3:04  Marine  
  26  3:11  SCV  
  27  3:18  SCV  
  28  3:21  Supply Depot  
  28  3:24  SCV, Barracks Tech Lab  
  29  3:31  SCV  
  30  3:34  Factory Reactor  
  30  3:40  SCV  
  31  3:45  Stimpack  
  31  3:49  Cloaking Field  
  31  3:52  SCV  
  32  3:55  Banshee  
  32  3:57  SCV  
  36  4:06  SCV  
  37  4:12  SCV, Marine  
  37  4:13  Widow Mine  
  41  4:19  SCV  
  41  4:23  Barracks  
  42  4:27  Barracks  
  42  4:28  SCV  
  43  4:31  SCV  
  44  4:40  SCV  
  44  4:41  Raven  
  44  4:43  SCV  
  48  4:47  Refinery  
  48  4:49  Engineering Bay  
  48  4:52  SCV  
  49  4:57  Factory Tech Lab  
  49  4:58  Supply Depot, Marine  
  50  5:00  SCV  
  50  5:04  SCV  
  52  5:12  SCV  
  53  5:15  Barracks Reactor  
  53  5:17  SCV  
  53  5:19  Marine  
  53  5:21  Command Center  
  55  5:31  Viking  
  55  5:32  SCV  
  58  5:37  Marine  
  58  5:39  SCV, Marine  
  58  5:40  Barracks, Marine  
  58  5:41  Barracks  
  62  5:45  Siege Tank  
  65  5:59  SCV, Marine  
  65  6:00  SCV  
  65  6:01  Refinery  
  65  6:03  Supply Depot  
  68  6:11  SCV  
  66  6:25  Marine  
  66  6:26  Siege Tank, Marine  
  71  6:41  Barracks Reactor x2  
  71  6:44  Orbital Command  
  71  6:49  Marine x2  
  73  6:55  Missile Turret  
  73  6:56  Marine x2  
  73  6:58  Siege Tank  
  73  7:00  Missile Turret  
  78  7:01  Medivac  
  78  7:06  Marine  
  78  7:07  Marine  
  82  7:09  Supply Depot  
  82  7:10  Supply Depot  
  82  7:20  Sensor Tower, Orbital Command  
  82  7:25  Medivac  
  82  7:29  Marine x2  
  83  7:31  SCV x2, Marine  
  83  7:32  Marine  
  90  7:43  SCV x2  
  96  7:44  Engineering Bay  
  96  7:47  Supply Depot  
  96  7:48  Barracks  
  96  7:49  Barracks  
Tags
 
Add a new tag
Caveats
  • Supply blocks, unpowered buildings, or Contaminate may cause inaccurate times.
  • Supply counts are checked every 10 seconds.